 Dungeon Crawl Stone Soup version 0.30-a0-341-g682706514a (webtiles) character file.

Game seed: 9215442424409216180

30130 ytrimaz the Cleaver (level 13, -2/111 HPs)
             Began as a Formicid Fighter on Nov 2, 2022.
             Was an Elder of Okawaru.
             Slain by a tyrant leech (27 damage)
             ... on level 2 of the Lair of Beasts.
             The game lasted 00:17:19 (15298 turns).

ytrimaz the Cleaver (Formicid Fighter)             Turns: 15298, Time: 00:17:20

Health: -2/111     AC: 16    Str: 25    XL:     13   Next: 86%
Magic:  16/16      EV: 13    Int:  9    God:    Okawaru [****..]
Gold:   1067       SH: 11    Dex: 13    Spells: 12/12 levels left

rFire   . . .      SeeInvis +    d - +0 executioner's axe (flame)
rCold   + . .      Faith    .    c - +1 buckler
rNeg    . . .      Spirit   .    D - +3 scale mail of Bijeysm {rPois}
rPois   +          Reflect  +    (helmet unavailable)
rElec   .          Harm     .    w - +0 cloak
rCorr   .          Rampage  .    (no gloves)
Will    +....                    u - +2 pair of boots
Stlth   ..........               N - amulet of reflection
HPRegen 0.38/turn                L - +4 ring of evasion
MPRegen 0.15/turn                t - ring of protection from cold

@: studying Armour
A: permanent stasis, dig shafts and tunnels, antennae 3, four strong arms
a: Dig, Shaft Self, Renounce Religion, Heroism, Finesse


You were on level 2 of the Lair of Beasts.
You worshipped Okawaru.
Okawaru was greatly pleased with you.
You visited 3 branches of the dungeon, and saw 16 of its levels.

You collected 1067 gold pieces.


Innate Abilities, Weirdness & Mutations

You cannot be hasted, slowed, berserked, paralysed or teleported.
You can dig through walls and to a lower floor.
You have a pair of large antennae on your head. (SInv)
Your four strong arms can wield two-handed weapons with a shield.


   Skills:
 - Level 13.0 Fighting
 - Level 14.6(16.0) Axes
 - Level 10.9(14.1) Polearms
 + Level 10.8 Armour
 - Level 4.0 Shields
 + Level 4.4 Invocations


You had 12 spell levels left.
You didn't know any spells.
Your spell library contained the following spells:

 Spells                   Type           Power      Damage    Failure   Level
 Foxfire                  Conj/Fire      0%         2x1d4     69%         1
 Kiss of Death            Conj/Necr      0%         2d5       69%         1
 Magic Dart               Conj           0%         1d3       69%         1
 Necrotise                Necr           0%         1d4       69%         1
 Sandblast                Erth           0%         2d4       69%         1
 Slow                     Hex            0%         N/A       69%         1
 Sting                    Tmut/Pois      0%         1d3       69%         1
 Passwall                 Tmut/Erth      0%         N/A       83%         2
 Searing Ray              Conj           0%         2d4       83%         2
 Confusing Touch          Hex            0%         N/A       96%         3
 Mephitic Cloud           Conj/Pois/Air  0%         N/A       96%         3
 Ozocubu's Armour         Ice            0%         N/A       96%         3
 Portal Projectile        Hex/Tloc       0%         N/A       96%         3
 Spider Form              Tmut/Pois      0%         N/A       96%         3
 Stone Arrow              Conj/Erth      0%         3d7       96%         3
 Vampiric Draining        Necr           0%         2d6       96%         3
 Dispel Undead            Necr           0%         3d6       100%        4
 Fulminant Prism          Conj/Hex       0%         3d5       100%        4
 Passage of Golubria      Tloc           0%         N/A       100%        4
 Agony                    Necr           0%         N/A       100%        5
 Blade Hands              Tmut           0%         N/A       100%        5
 Fireball                 Conj/Fire      0%         3d3       100%        5
 Silence                  Hex/Air        0%         N/A       100%        5
 Starburst                Conj/Fire      0%         6d3       100%        6
 Lehudib's Crystal Spear  Conj/Erth      0%         10d2      100%        8
 Polar Vortex             Ice            0%         N/A       100%        9
 Tukima's Dance           Hex            Unusable   N/A       N/A         3

Inventory:

Hand Weapons
 a - a +0 spectral war axe
 d - a +0 executioner's axe of flaming (weapon)
   (You found it on level 12 of the Dungeon)
 e - a +0 war axe of freezing
   (You found it on level 1 of the Dungeon)
 G - the +8 trishula "Condemnation" {holy, anguish, *Noise Fly rN+}
   (You found it on level 7 of the Dungeon)

   It has been blessed by the Shining One to cause great damage to the undead
   and demons.
   It inflicts anguish, making its victims' attacks reflect back on them.
   rN:        It protects you from negative energy.
   Fly:       It grants you flight.
   *Noise:    It may make noises in combat.
 I - a +3 battleaxe
   (You took it off a wight on level 8 of the Dungeon)
Missiles
 h - 24 poisoned darts
 r - a throwing net
 y - 17 boomerangs
 M - a javelin
Armour
 c - a +1 buckler (worn)
 u - a +2 pair of boots (worn)
   (You found it on level 5 of the Dungeon)
 w - a +0 cloak (worn)
   (You found it on level 6 of the Dungeon)
 D - the +3 scale mail of Bijeysm (worn) {rPois}
   (You found it on level 7 of the Dungeon)

   rPois:     It protects you from poison.
Jewellery
 l - a +6 ring of intelligence
   (You found it on level 1 of the Dungeon)
 t - a ring of protection from cold (right hand)
   (You found it on level 5 of the Dungeon)
 x - an amulet of guardian spirit
   (You found it on level 3 of the Dungeon)
 E - a ring of ice
   (You found it on level 6 of the Dungeon)
 F - a ring of flight
   (You found it on level 7 of the Dungeon)
 L - a +4 ring of evasion (left hand)
   (You found it on level 12 of the Dungeon)
 N - an amulet of reflection (around neck)
   (You found it on level 12 of the Dungeon)
 O - a ring of magical power
   (You found it on level 1 of the Lair of Beasts)
Wands
 B - a wand of roots (14)
   (You found it on level 6 of the Dungeon)
 J - a wand of light (9)
   (You found it on level 8 of the Dungeon)
Scrolls
 b - 3 scrolls of magic mapping
 f - 7 scrolls of enchant armour
 g - 3 scrolls of noise
 m - 2 scrolls of poison
 n - a scroll of torment
 o - a scroll of fear
 v - 4 scrolls of amnesia
 A - 2 scrolls of immolation
 H - 4 scrolls of enchant weapon
Potions
 i - 2 potions of flight
 j - 2 potions of attraction
 k - 2 potions of cancellation {unknown}
 p - 3 potions of magic
 q - 7 potions of curing
 s - 4 potions of mutation {unknown}
 z - 2 potions of resistance
 C - a potion of ambrosia {unknown}
 K - 2 potions of might

Dungeon Overview and Level Annotations

Branches:
Dungeon (13/15) Zot: 26584  Temple (1/1) D:5 Zot: 5951    Lair (2/5) D:11 Zot: 10530
    Orc (0/2) D:9
  Swamp: Lair:2-3    Shoals: Lair:2-3     Snake: Lair:2-3    Spider: Lair:2-3
 Vaults: D:13-14

Altars:
Ashenzari
Cheibriados
Dithmenos
Elyvilon
Fedhas
Gozag
Hepliaklqana
Kikubaaqudgha
Makhleb
Nemelex Xobeh
Okawaru
Qazlal
Ru
Sif Muna
Trog
Uskayaw
Vehumet
Wu Jian
Xom
Yredelemnul
Zin
The Shining One

Shops:
D:6 *   D:8 ?   D:10 :

Annotations:
D:6 exclusion: statue
D:10 exclusion: orange crystal statue
Lair:1 3 runed translucent doors, MrSquiggles's ghost, journeyman OpBr

#......... ♣§ #...
#........ §.§ ##..
#.......# ##.♣ {{♣♣#P..
#......# ...♣♣ ♣♣.....
#....†####....♣♣♣♣♣......
#.#...#.................#
###.#.................##
#...#..w..............#
##.#...@.............##
#..#.................##
##.....................#
#P....................##
#....................##
#...................## #
##.........(..........## #
##(............<......#.###
#.###................#####.


You could see a tyrant leech.


Message History

The seven-headed hydra misses you.
The basilisk completely misses you. 😮 HP[-6] MP[-2]
You take 6 damage, and now have 67/111 hp.
You lost 2 mp, and now have 14/16 mp.
Unknown command.
Unknown command.
You barely miss the seven-headed hydra. You miss the basilisk.
The seven-headed hydra bites you but does no damage.
You block the seven-headed hydra's attack. x2
The seven-headed hydra misses you.
The seven-headed hydra bites you but does no damage.
You block the seven-headed hydra's attack. x2
The basilisk gazes at you.
You easily resist. 😮 HP[+1] Unknown command.
You hit the seven-headed hydra. You burn the seven-headed hydra.
You cut the basilisk into ribbons!!! You burn the basilisk.
You kill the basilisk!
Okawaru accepts your kill.
You block the seven-headed hydra's attack.
The seven-headed hydra completely misses you.
The seven-headed hydra bites you but does no damage.
The seven-headed hydra bites you.
The seven-headed hydra bites you but does no damage.
You block the seven-headed hydra's attack.
The seven-headed hydra bites you. 😮 HP[-10]
You take 10 damage, and now have 58/111 hp.
Unknown command.
You barely miss the seven-headed hydra.
You block the seven-headed hydra's attack.
The seven-headed hydra bites you but does no damage. x3
The seven-headed hydra barely misses you.
You block the seven-headed hydra's attack.
The seven-headed hydra bites you but does no damage.
Unknown command.
You slice one of the seven-headed hydra's heads off!
The flame cauterises the wound!
You cut the six-headed hydra into ribbons!!!
You burn the six-headed hydra!
The six-headed hydra bites you but does no damage.
The six-headed hydra barely misses you. The six-headed hydra bites you.
* * * LOW HITPOINT WARNING * * *
The six-headed hydra barely misses you.
The six-headed hydra completely misses you.
The six-headed hydra misses you. 😨 HP[-4]
You take 4 damage, and now have 54/111 hp.
Unknown command.
You chop one of the six-headed hydra's heads off!
The flame cauterises the wound!
You slice the five-headed hydra like a ripe choko!!!
You burn the five-headed hydra.
You kill the five-headed hydra!
Okawaru accepts your kill. 😨 MP[+1] Unknown command.
You feel like a meek peon again.
You sense a monster nearby. 😮 HP[+6] MP[+1]
You regained 6 hp, and now have 60/111 hp.
Your mp is fully restored (16).
Unknown command.
A tyrant leech comes into view. 😮 HP[+1]
A tyrant leech is nearby!
Unknown command.
A tyrant leech is nearby!
Unknown command. 😮 HP[+1]
You are too injured to fight recklessly!
Unknown command.
You are too injured to fight recklessly!
The tyrant leech bites you.
The tyrant leech draws strength from your injuries! 😮 HP[-3]
You take 3 damage, and now have 59/111 hp.
You are too injured to fight recklessly!
Unknown command.
You are too injured to fight recklessly!
You are too injured to fight recklessly!
You closely miss the tyrant leech. The tyrant leech bites you!!
* * * LOW HITPOINT WARNING * * *
The tyrant leech draws strength from your injuries!
Unknown command. 😨 HP[-25]
You take 25 damage, and now have 34/111 hp.
MASSIVE DAMAGE!! (PAUSE)
You miss the tyrant leech. The tyrant leech bites you!
* * * LOW HITPOINT WARNING * * *
The tyrant leech draws strength from your injuries! 😱 HP[-9]
You take 9 damage, and now have 25/111 hp.
You slice the tyrant leech!! You burn the tyrant leech.
The tyrant leech misses you.
Unknown command.
You slash the tyrant leech! You burn the tyrant leech.
The tyrant leech bites you!!
You die...

Skill      XL: |  1  2  3  4  5  6  7  8  9 10 11 12 13 |
---------------+----------------------------------------+-----
Fighting       | 4 5 6 7 8 10 11 13 | 13.0
Axes           | 3 4 5 6 7 9 10 11 13 14 | 14.6
Polearms       | 1 5 7 10 | 10.9
Armour         | 10 | 10.8
Invocations    | 4 |  4.4
Shields        | |  4.0

Action                   |  1- 3 |  4- 6 |  7- 9 | 10-12 | 13-15 || total
-------------------------+-------+-------+-------+-------+-------++-------
Melee: War axe           |    59 |    80 |    79 |   125 |   159 ||   502
       Hand axe          |       |       |    60 |   349 |       ||   409
       Executioner's axe |       |       |       |       |    23 ||    23
Invok: Heroism           |       |       |       |       |     5 ||     5
  Use: Scroll            |     3 |     4 |     8 |     7 |     4 ||    26
       Potion            |       |     1 |     1 |     4 |     4 ||    10
 Stab: Distracted        |       |       |       |     2 |       ||     2
Armor: Scale mail        |    20 |     8 |    22 |   165 |   110 ||   325
       Skin              |       |     1 |       |       |       ||     1
       Plate armour      |       |    24 |    85 |       |       ||   109
Dodge: Dodged            |    29 |    24 |    50 |   164 |    93 ||   360
Block: Buckler           |    10 |    10 |    37 |   115 |    89 ||   261

Levels and vault maps discovered:
D:1:      dreamdust_arrival_beginning_and_end, layout_basic,
          minmay_split_cup_small
D:2:      layout_basic, basic_altar
D:3:      layout_loops_ring, riverfiend_overflow_shadow_ancestor,
          elyvilon_altar_5, uniq_natasha, uniq_sigmund
D:4:      layout_basic, nicolae_ossuary_entry_monument,
          kennysheep_generic_room_7
D:5:      layout_rooms, nemelex_spade_bored_becter, minmay_temple_entry_tees,
          nicolae_grassy_gnolls
D:6:      layout_gridville, vehumet_statue, nicolae_shop_fire_sale
          [nicolae_sub_dead_trees], minmay_manual_monstrance
D:7:      layout_layer_cave, mainiacjoe_overflow_alcove_4
D:8:      layout_loops_ring, nicolae_ru_the_path_less_chosen,
          grunt_gozag_breadcrumbs, serial_shops, nicolae_square_shop,
          chequers_serial_rivers_large_b, uniq_joseph, uniq_grum, uniq_maggie
D:9:      layout_basic, orc_0_dummy, minmay_radiant
D:10:     layout_irregular_city, mainiacjoe_overflow_big_doors, serial_shops,
          shop_statue, minivault_16, uniq_erolcha
D:11:     layout_basic, grunt_lair_entry_orc_guard_hut,
          chequers_serial_rivers_room_a, minmay_starry_boxes
D:12:     layout_roguey, minivault_11, nicolae_yredelemnul_corpse_copse,
          uniq_kirke
D:13:     layout_basic, david_vaults_5, uniq_lodul, uniq_josephine
Temple:   nicolae_temple_x_marks_the_god
Lair:1:   layout_cave_pods, basic_altar, gammafunk_ghost_split,
          lemuel_old_faithful, serial_bayou_shore_a
Lair:2:   layout_cave_pods, minmay_swamp_entry_worms,
          minmay_snake_entry_guardpost_medium, worms_lemuel,
          infiniplex_staircase_pool_2, lemuel_fruit_tree

Notes
Turn   | Place    | Note
-------+----------+-------------------------------------------
     0 | D:1      | ytrimaz the Formicid Fighter began the quest for the Orb.
     0 | D:1      | Reached XP level 1. HP: 18/18 MP: 1/1
     0 | D:1      | magus.rc [v1.9.6]
    81 | D:1      | You pick up a book of Weapons and begin reading...
    81 | D:1      | You add the spells Tukima's Dance, Portal Projectile and
                  | Blade Hands to your library.
    98 | D:1      | Reached XP level 2. HP: 23/24 MP: 2/2
   476 | D:1      | Reached XP level 3. HP: 30/30 MP: 3/3
   648 | D:1      | Reached skill level 4 in Fighting
   984 | D:2      | Reached skill level 3 in Axes
  1022 | D:2      | Reached XP level 4. HP: 32/37 MP: 4/4
  1100 | D:2      | Found a glowing golden altar of the Shining One.
  1745 | D:3      | Found a white marble altar of Elyvilon.
  1807 | D:3      | Noticed Sigmund
  1834 | D:3      | Killed Sigmund
  1835 | D:3      | Reached skill level 5 in Fighting
  1835 | D:3      | Reached skill level 4 in Axes
  1835 | D:3      | Reached XP level 5. HP: 37/46 MP: 5/5
  1835 | D:3      | Reached XP level 6. HP: 42/52 MP: 6/6
  2056 | D:3      | Noticed Natasha
  2063 | D:3      | Killed Natasha
  2166 | D:3      | Noticed Natasha
  2173 | D:3      | Killed Natasha
  2407 | D:3      | Noticed a shadow
  2408 | D:3      | Found a shadowy altar of Dithmenos.
  2409 | D:3      | Found a hazy altar of Hepliaklqana.
  2616 | D:4      | Reached skill level 6 in Fighting
  2899 | D:4      | Reached skill level 5 in Axes
  2899 | D:4      | Reached XP level 7. HP: 41/58 MP: 5/7
  3630 | D:5      | Entered Level 5 of the Dungeon
  3637 | D:5      | Reached skill level 7 in Fighting
  3637 | D:5      | Reached skill level 6 in Axes
  3696 | D:5      | Reached XP level 8. HP: 67/67 MP: 8/8
  3928 | D:5      | Reached skill level 8 in Fighting
  3930 | D:5      | Reached skill level 7 in Axes
  4064 | D:5      | You pick up a book of Geomancy and begin reading...
  4064 | D:5      | You add the spells Sandblast, Passwall and Stone Arrow to
                  | your library.
  4121 | D:5      | Found a sparkling altar of Nemelex Xobeh.
  4172 | D:5      | Found a staircase to the Ecumenical Temple.
  4402 | D:6      | Reached XP level 9. HP: 74/75 MP: 7/9
  4519 | D:6      | Found a radiant altar of Vehumet.
  4539 | D:6      | Reached skill level 9 in Fighting
  4542 | D:6      | Reached skill level 8 in Axes
  4550 | D:6      | Identified the +8 hand axe of the Land of Plenty {vorpal,
                  | Dex+4}
  4607 | D:6      | You pick up a book of Conjurations and begin reading...
  4607 | D:6      | You add the spells Magic Dart, Searing Ray and Fulminant
                  | Prism to your library.
  4785 | D:6      | Found Paxus's Fire Supplies.
  5220 | D:7      | Reached skill level 10 in Fighting
  5246 | D:7      | Reached skill level 9 in Axes
  5251 | D:7      | Identified the +3 scale mail of Bijeysm {rPois}
  5516 | D:7      | Found the +8 trishula "Condemnation" {holy, anguish, *Noise
                  | Fly rN+}
  5575 | D:7      | Found a shimmering altar of Xom.
  5704 | D:7      | Reached skill level 1 in Polearms
  6042 | D:7      | Reached XP level 10. HP: 82/86 MP: 10/10
  6131 | D:8      | Reached skill level 2 in Polearms
  6303 | D:8      | Found Saromer's Magic Scroll Emporium.
  6471 | D:8      | Found an opulent altar of Gozag.
  6509 | D:8      | Reached skill level 3 in Polearms
  6569 | D:8      | Reached skill level 11 in Fighting
  6583 | D:8      | Reached skill level 10 in Axes
  6589 | D:8      | Noticed Maggie
  6589 | D:8      | Noticed Grum
  6598 | D:8      | Reached skill level 4 in Polearms
  6607 | D:8      | Killed Maggie
  6609 | D:8      | HP: 18/88 [Grum/+0 spear (11)]
  6615 | D:8      | Killed Grum
  7003 | D:8      | Noticed Joseph
  7018 | D:8      | HP: 22/88 [Joseph/+5 quarterstaff of speed (11)]
  7019 | D:8      | Killed Joseph
  7400 | D:8      | Found a sacrificial altar of Ru.
  7474 | D:9      | Reached skill level 5 in Polearms
  7520 | D:9      | You pick up a book of the Moon and begin reading...
  7520 | D:9      | You add the spells Passage of Golubria, Silence and
                  | Lehudib's Crystal Spear to your library.
  7607 | D:9      | Reached XP level 11. HP: 90/95 MP: 11/11
  7875 | D:9      | Noticed a cyclops
  7876 | D:9      | Noticed a purple ugly thing
  7877 | D:9      | a guardian serpent changed into a lindwurm
  7877 | D:9      | Noticed a lindwurm (shapeshifter)
  7882 | D:9      | Killed a cyclops
  7883 | D:9      | Reached skill level 12 in Fighting
  7887 | D:9      | Killed a lindwurm
  7888 | D:9      | Reached skill level 11 in Axes
  7888 | D:9      | Reached skill level 6 in Polearms
  7892 | D:9      | Killed a purple ugly thing
  7895 | D:9      | You pick up a book of Debilitation and begin reading...
  7895 | D:9      | You add the spells Slow, Vampiric Draining and Confusing
                  | Touch to your library.
  7897 | D:9      | You pick up a book of Touch and begin reading...
  7897 | D:9      | You add the spells Kiss of Death and Dispel Undead to your
                  | library.
  7898 | D:9      | Identified the +9 dire flail of Guile {speed, *Noise Int+4
                  | Dex+4}
  8285 | D:9      | Found a staircase to the Orcish Mines.
  8455 | D:10     | Entered Level 10 of the Dungeon
  8564 | D:10     | Noticed an orc knight
  8564 | D:10     | Noticed Erolcha
  8583 | D:10     | Killed an orc knight
  8584 | D:10     | Killed Erolcha
  8585 | D:10     | Reached skill level 7 in Polearms
  8785 | D:10     | Found Ygonk's Book Boutique.
  9057 | D:10     | Noticed an orange crystal statue
  9153 | D:10     | Found a broken altar of Ashenzari.
  9158 | D:10     | Found a shimmering blue altar of Sif Muna.
  9608 | Temple   | Entered the Ecumenical Temple
  9649 | Temple   | Became a worshipper of Warmaster Okawaru
  9906 | D:10     | Noticed a two-headed ogre
  9925 | D:10     | Reached skill level 13 in Fighting
 10285 | D:11     | Noticed a two-headed ogre
 10713 | D:11     | Reached XP level 12. HP: 85/105 MP: 8/12
 10732 | D:11     | Reached skill level 12 in Axes
 10743 | D:11     | Reached * piety under Okawaru
 10748 | D:11     | Reached skill level 8 in Polearms
 10987 | D:11     | Killed a two-headed ogre
 10987 | D:11     | Reached ** piety under Okawaru
 11218 | D:11     | Reached skill level 9 in Polearms
 11405 | D:11     | Found a staircase to the Lair.
 12030 | D:12     | You pick up a book of Fire and begin reading...
 12030 | D:12     | You add the spells Foxfire, Fireball and Starburst to your
                  | library.
 12040 | D:12     | Reached skill level 13 in Axes
 12205 | D:12     | Noticed Kirke
 12208 | D:12     | Reached *** piety under Okawaru
 12218 | D:12     | Killed Kirke
 12254 | D:12     | Reached skill level 10 in Polearms
 12284 | D:12     | Received a gift from Okawaru
 12284 | D:12     | Reached **** piety under Okawaru
 12305 | D:12     | Reached XP level 13. HP: 55/111 MP: 6/13
 12315 | D:12     | HP: 23/111 [meliai zombie (7)]
 12317 | D:12     | HP: 10/111 [centaur warrior zombie (7)]
 12322 | D:12     | HP: 25/111 [meliai zombie (4)]
 12563 | D:12     | Found a basalt altar of Yredelemnul.
 12652 | D:12     | You pick up a book of Necromancy and begin reading...
 12652 | D:12     | You add the spells Necrotise and Agony to your library.
 12687 | D:12     | Reached skill level 14 in Axes
 13155 | D:12     | Reached skill level 5 in Armour
 13158 | D:12     | HP: 16/111 [skeletal warrior/+0 flail (18)]
 13164 | D:12     | HP: 20/111 [skeletal warrior/+0 flail (8)]
 13165 | D:12     | Reached skill level 6 in Armour
 13169 | D:12     | HP: 24/111 [skeletal warrior/+0 flail (1)]
 13170 | D:12     | Reached ***** piety under Okawaru
 13171 | D:12     | Reached skill level 7 in Armour
 13173 | D:12     | HP: 9/111 [skeletal warrior/+0 hand axe (14)]
 13177 | D:12     | Received a gift from Okawaru
 13178 | D:12     | Reached skill level 8 in Armour
 13676 | D:13     | Noticed a five-headed hydra
 13687 | D:13     | Killed a one-headed hydra
 13820 | Lair:1   | Entered Level 1 of the Lair of Beasts
 13907 | Lair:1   | Reached skill level 9 in Armour
 14067 | Lair:1   | You add the spells Sting, Mephitic Cloud, Ozocubu's Armour,
                  | Spider Form and Polar Vortex to your library.
 14067 | Lair:1   | Got the Secrets of Filth and the Blizzard
 14096 | Lair:1   | Reached skill level 1 in Invocations
 14158 | Lair:1   | Reached skill level 2 in Invocations
 14257 | Lair:1   | Noticed a seven-headed hydra
 14258 | Lair:1   | Noticed MrSquiggles's ghost (journeyman OpBr)
 14260 | Lair:1   | Noticed a six-headed hydra
 14267 | Lair:1   | Found a runed translucent gate.
 14267 | Lair:1   | Found a runed translucent gate.
 14267 | Lair:1   | Found a runed translucent gate.
 14709 | Lair:1   | Reached skill level 10 in Armour
 14709 | Lair:1   | Reached skill level 3 in Invocations
 14803 | Lair:1   | Found a glowing silver altar of Zin.
 15079 | Lair:2   | Reached skill level 4 in Invocations
 15255 | Lair:2   | Noticed a seven-headed hydra
 15271 | Lair:2   | Killed a five-headed hydra
 15296 | Lair:2   | HP: 25/111 [tyrant leech (10)]
 15298 | Lair:2   | Slain by a tyrant leech

Vanquished Creatures
  Kirke (D:12)
  2 hydras
  Erolcha (D:10)
  A two-headed ogre (D:11)
  A boulder beetle (D:12)
  5 skeletal warriors (D:12)
  An orc knight (D:10)
  A lindwurm (shapeshifter) (D:9)
  2 cyclopes
  An ugly thing (D:9)
  Joseph (D:8)
  10 centaur zombies (D:12)
  3 gargoyles
  Maggie (D:8)
  An unseen horror (D:11)
  A cane toad (Lair:2)
  5 komodo dragons
  A rime drake (Lair:2)
  2 trolls
  2 polar bears (Lair:1)
  5 slime creatures
  2 meliai zombies (D:12)
  5 blink frogs (Lair:1)
  Sigmund (D:3)
  3 wyverns
  A water elemental (D:11)
  2 wraiths
  22 yaks
  3 humans (D:12)
  Grum (D:8)
  A basilisk (Lair:2)
  2 hogs (D:12)
  9 vampire mosquitoes
  2 steam dragons
  2 acid dragons
  3 water moccasins
  2 sky beasts (D:6)
  3 black bears
  3 orc warriors
  2 ogres (D:5)
  3 wolves (D:8)
  5 centaurs
  3 phantoms
  2 kobold brigands
  6 bullfrogs
  2 necrophages
  5 gnoll sergeants
  4 scorpions
  10 wights (D:8)
  6 killer bees
  2 electric eels (Lair:1)
  3 hounds
  5 orc priests
  9 iguanas
  9 orc wizards
  Natasha (twice) (D:3)
  12 gnolls
  12 adders
  2 ufetubi
  3 worms
  5 dart slugs
  21 orcs
  8 ball pythons
  6 bats
  2 endoplasms
  3 giant cockroaches
  5 goblins
  4 hobgoblins
  15 kobolds
  4 quokkas
  4 frilled lizards
  8 rats
307 creatures vanquished.

Vanquished Creatures (others)
  18 fungi
  29 plants
47 creatures vanquished.

Grand Total: 354 creatures vanquished

Table legend:
 A = Non-vault XP
 B = Vault XP
 C = Vault XP percentage of total XP
 D = Non-vault monster count
 E = Vault monster count
 F = Vault count percentage of total count
                 A         B        C        D         E       F
            +---------+---------+-------+---------+---------+-------
      Total |   28910 |   14133 |  32.8 |     248 |      56 |  18.4
            +---------+---------+-------+---------+---------+-------
        D:1 |      31 |       5 |  13.9 |      16 |       3 |  15.8
        D:2 |      80 |       0 |   0.0 |      21 |       0 |   0.0
        D:3 |      79 |     272 |  77.5 |      15 |       2 |  11.8
        D:4 |     360 |      39 |   9.8 |      23 |       2 |   8.0
        D:5 |     651 |     246 |  27.4 |      14 |       7 |  33.3
        D:6 |     795 |     237 |  23.0 |       9 |       7 |  43.8
        D:7 |    1123 |       0 |   0.0 |      15 |       0 |   0.0
        D:8 |    2062 |    1383 |  40.1 |      25 |       6 |  19.4
        D:9 |    1703 |    1634 |  49.0 |      20 |       3 |  13.0
       D:10 |    2984 |     857 |  22.3 |      17 |       1 |   5.6
       D:11 |    3095 |    2545 |  45.1 |      19 |      10 |  34.5
       D:12 |    8270 |    6915 |  45.5 |      24 |      15 |  38.5
       D:13 |    1242 |       0 |   0.0 |       3 |       0 |   0.0
     Lair:1 |    3807 |       0 |   0.0 |      18 |       0 |   0.0
     Lair:2 |    2628 |       0 |   0.0 |       9 |       0 |   0.0
            +---------+---------+-------+---------+---------+-------

Illustrated notes

Table legend:
 A = Kills in this place as a percentage of kills in entire the game.
 B = Kills by you in this place as a percentage of kills by you in the entire game.
 C = Kills by friends in this place as a percentage of kills by friends in the entire game.
 D = Other kills in this place as a percentage of other kills in the entire game.
 E = Experience gained in this place as a percentage of experience gained in the entire game.
 F = Experience gained in this place divided by the number of levels of this place that you have seen.
                   A       B       C       D       E      F
               +-------+-------+-------+-------+-------+----------------------
         Total | 100.0 | 100.0 |   N/A |   N/A | 100.0 | 2690.2
       Dungeon |  91.1 |  91.1 |   N/A |   N/A |  85.0 | 2816.0
          Lair |   8.9 |   8.9 |   N/A |   N/A |  15.0 | 3217.5
               +-------+-------+-------+-------+-------+----------------------

Table legend: (Time is in decaauts)
 A = Elapsed time spent in this place.
 B = Non-inter-level travel time spent in this place.
 C = Inter-level travel time spent in this place.
 D = Time resting spent in this place.
 E = Time spent auto-exploring this place.
 F = Levels seen in this place.
 G = Mean time per level.
                   A        B        C        D        E       F      G
               +--------+--------+--------+--------+--------+-----+--------+
         Total |  15241 |  14513 |    728 |    347 |  11711 |  16 |  952.6 |
       Dungeon |  13723 |  13023 |    700 |    347 |  10389 |  13 | 1055.6 |
        Temple |     48 |     32 |     16 |      0 |     27 |   1 |   48.0 |
          Lair |   1468 |   1456 |     12 |      0 |   1295 |   2 |  734.0 |
               +--------+--------+--------+--------+--------+-----+--------+

Top non-repeatable levels by time:
    D:12: 1583 daAuts
    D:11: 1531 daAuts
    D:10: 1377 daAuts
     D:8: 1335 daAuts
     D:9: 1290 daAuts
     D:7: 1201 daAuts
  Lair:1: 1145 daAuts
     D:4: 1064 daAuts
     D:3: 1005 daAuts
     D:1: 924 daAuts
     D:5: 773 daAuts
     D:2: 690 daAuts
     D:6: 614 daAuts
    D:13: 332 daAuts
  Lair:2: 323 daAuts
